 Dungeon Crawl Stone Soup version 0.18-a0-884-gb6cfd45 (webtiles) character file.

63 Jmtri7 the Cudgeler (level 4, 0/45 HPs)
             Began as an Ogre Skald on Dec 23, 2015.
             Slain by a goblin
             ... wielding a +0 club
             ... led by Robin
              (2 damage)
             ... on level 2 of the Dungeon.
             The game lasted 00:11:16 (1264 turns).

Jmtri7 the Cudgeler (Ogre Skald)                    Turns: 1264, Time: 00:11:19

Health: 0/45       AC:  3    Str: 18    XL:     4   Next: 10%
Magic:  6/7        EV:  9    Int: 11    God:
Gold:   62         SH:  0    Dex:  9    Spells: 3 memorised, 2 levels left

rFire  . . .     SeeInvis .     e - +0 mace
rCold  . . .     Gourm    .     b - +0 robe
rNeg   . . .     Faith    .     (no shield)
rPois  .         Spirit   .     (helmet restricted)
rElec  .         Dismiss  .     (no cloak)
rCorr  .         Reflect  .     (gloves unavailable)
SustAt .         Harm     .     (boots unavailable)
MR     .....                    (no amulet)
Stlth  +.........               (no ring)
                                (no ring)

@: singing (expiring), not resistant to hostile enchantments, very unstealthy
A: unfitting armour, tough skin 1
a: Stop Singing


You were on level 2 of the Dungeon.
You were not hungry.

You visited 1 branch of the dungeon, and saw 2 of its levels.

You collected 62 gold pieces.

Inventory:

Hand Weapons
 e - a +0 mace (weapon)
 i - a +1 dagger of venom
Armour
 b - a +0 robe (worn)
Scrolls
 f - a scroll of amnesia {unknown}
Potions
 d - 2 potions of mutation {unknown}
 g - a potion of cancellation {unknown}
 h - 4 potions of curing {unknown}
Books
 c - a book of Battle

   Spells                             Type                      Level
   a - Infusion                       Charms                       1
   b - Shroud of Golubria             Charms/Translocation         2
   c - Song of Slaying                Charms                       2
   d - Spectral Weapon                Hexes/Charms                 3
   e - Regeneration                   Charms/Necromancy            3


   Skills:
 + Level 3.2 Fighting
 + Level 3.9 Maces & Flails
 - Level 1.3 Dodging
 * Level 2.6 Spellcasting
 * Level 2.9 Charms


You had 2 spell levels left.
You knew the following spells:

 Your Spells              Type           Power        Failure   Level  Hunger
a - Infusion              Chrm           #.....       10%         1    ##.....
b - Song of Slaying       Chrm           #.......     14%         2    ###....
c - Spectral Weapon       Hex/Chrm       #.......     47%         3    ####...


Dungeon Overview and Level Annotations

Branches:
Dungeon (2/15)

Altars:

Annotations:
D:2 Robin


Innate Abilities, Weirdness & Mutations

You are too large for most types of armour.
You have tough skin (AC +1).


Message History

Robin flexes a bicep menacingly.
The goblin hits you with a club.
* * * LOW HITPOINT WARNING * * *
The goblin hits you with a dagger.
* * * LOW HITPOINT WARNING * * *
The goblin barely misses you. The goblin hits you but does no damage.
The goblin hits you with a club.
* * * LOW HITPOINT WARNING * * *
The goblin hits you with a club.
* * * LOW HITPOINT WARNING * * *
Things that are here:
a dagger; a goblin corpse You closely miss the goblin.
The goblin is moderately wounded.
The goblin hits you but does no damage. The goblin hits you with a dagger.
* * * LOW HITPOINT WARNING * * *
The goblin hits you with a club.
* * * LOW HITPOINT WARNING * * *
The goblin hits you with a club.
You die...

#..#≈≈≈g.# #..#
##(≈≈#########..#
#(≈≈#..........#
#.(.'..........#
#...'..........#
#...'..........#
##≈≈#..........# .#
#≈≈#########..##''#
##≈≈≈..#.g@#.)....#
#≈≈≈..'.ggggg....#
##≈≈..#...#......#
################


You could see Robin, a hobgoblin (frenzied) and 4 goblins.

Vanquished Creatures
  An adder (D:2)
  A giant gecko (D:1)
  7 bats
  14 goblins
  5 hobgoblins
  5 jackals (D:2)
  4 kobolds
  2 ball pythons
  3 giant cockroaches
  4 rats
46 creatures vanquished.

Notes
Turn   | Place    | Note
--------------------------------------------------------------
     0 | D:1      | Jmtri7 the Ogre Skald began the quest for the Orb.
     0 | D:1      | Reached XP level 1. HP: 22/22 MP: 3/3
    68 | D:1      | Reached skill level 3 in Maces & Flails
    70 | D:1      | Reached XP level 2. HP: 17/29 MP: 1/5
   112 | D:1      | Learned a level 2 spell: Song of Slaying
   479 | D:1      | Reached XP level 3. HP: 33/37 MP: 0/6
   984 | D:2      | Learned a level 3 spell: Spectral Weapon
  1250 | D:2      | Reached XP level 4. HP: 42/45 MP: 4/7
  1256 | D:2      | Noticed Robin
  1264 | D:2      | HP: 2/45 [goblin/club[Robin] (1)]
  1264 | D:2      | Slain by a goblin

Vault maps used:
D:1:      lemuel_arrival_room, minmay_misc_feat_rows
D:2:      kennysheep_goblin_castle

Action                   |  1- 3 |  4- 6 || total
-------------------------+-------+-------++-------
Melee: Mace              |   115 |    11 ||   126
 Cast: Infusion          |    11 |       ||    11
       Song of Slaying   |     9 |       ||     9
  Eat: Bread ration      |     1 |       ||     1
